 Dungeon Crawl Stone Soup version 0.30-a0-1157-g2cc9ac7196 (webtiles) character file.

Game seed: 234693162884856751

27 GloriousHammer the Vexing (level 2, -4/16 HPs)
             Began as a Deep Elf Hexslinger on Apr 24, 2023.
             Slain by an iguana (13 damage)
             ... on level 2 of the Dungeon.
             The game lasted 00:03:18 (1014 turns).

GloriousHammer the Vexing (Deep Elf Hexslinger)     Turns: 1014, Time: 00:03:19

Health: -4/16      AC:  2    Str:  7    XL:     2   Next: 93%
Magic:  3/7        EV: 12    Int: 17    God:
Gold:   4          SH:  0    Dex: 15    Spells: 5/6 levels left

rFire   . . .        a - +1 sling
rCold   . . .        (no shield)
rNeg    . . .        c - +0 robe
rPois   .            (no helmet)
rElec   .            (no cloak)
rCorr   .            (no gloves)
SInv    .            (no boots)
Will    .....        (no amulet)
Stlth   +            (no ring)
HPRegen 0.22/turn    (no ring)
MPRegen 0.10/turn

%: no passive effects
@: no status effects
A: no striking features
a: no special abilities


You were on level 2 of the Dungeon.
You visited 1 branch of the dungeon, and saw 2 of its levels.

You collected 4 gold pieces.

Inventory:

Hand Weapons
 a - a +1 sling (weapon)
 b - a +0 short sword
Armour
 c - a +0 robe (worn)
Jewellery
 F - a ring of fire
Scrolls
 d - a scroll of enchant armour {unknown}
 e - a scroll of vulnerability {unknown}
 f - a scroll of poison
 g - a scroll of silence {unknown}
 h - a scroll of noise {unknown}
 j - a scroll of identify {unknown}
 k - 2 scrolls of fog {unknown}
Potions
 i - a potion of heal wounds {unknown}


   Skills:
 - Level 0.7 Fighting
 + Level 3.4 Ranged Weapons
 - Level 2.4 Dodging
 + Level 2.5 Spellcasting
 + Level 4.6 Hexes


You had 5 spell levels left.
You knew the following spells:

 Your Spells              Type           Power      Damage    Failure   Level
a - Slow                  Hex            68%        N/A       2%          1

Your spell library contained the following spells:

 Spells                   Type           Power      Damage    Failure   Level
 Inner Flame              Hex/Fire       10%        N/A       22%         3
 Portal Projectile        Hex/Tloc       20%        N/A       22%         3
 Cause Fear               Hex            8%         N/A       26%         4
 Hailstorm                Conj/Ice       2%         3d3       50%         3
 Ice Form                 Ice/Tmut       2%         N/A       88%         4
 Simulacrum               Ice/Necr       1%         N/A       100%        6
 Dragon Form              Tmut           1%         N/A       100%        7
 Dragon's Call            Summ           1%         N/A       100%        9


Dungeon Overview and Level Annotations

Branches:
Dungeon (2/15)

Altars:


Message History

You see here a +0 club.
You see here a bat skeleton.
There is a stone staircase leading down here.
You climb downwards.
There is a stone staircase leading up here.
An endoplasm and a kobold come into view.
The kobold shouts!
You shoot a sling bullet.
The sling bullet barely misses the kobold.
The endoplasm quivers.
The kobold throws a stone.
The stone hits you but does no damage.
There is a stone staircase leading up here.
You shoot a sling bullet. The sling bullet hits the kobold!
You kill the kobold!
No target in view!
You shoot a sling bullet. The sling bullet hits the endoplasm.
The endoplasm is heavily wounded.
You shoot a sling bullet. The sling bullet hits the endoplasm.
The endoplasm is almost dead.
The endoplasm barely misses you.
You shoot a sling bullet. The sling bullet hits the endoplasm.
You kill the endoplasm!
You start waiting.
Done waiting.
Things that are here:
a +0 club; 5 stones; a kobold corpse
Found a stone staircase leading down.
Found an escape hatch in the ceiling.
You now have 4 gold pieces.
A frilled lizard comes into view.
You shoot a sling bullet.
The sling bullet hits the frilled lizard.
The frilled lizard hisses angrily.
The frilled lizard is heavily wounded.
Casting: Slow (safe; 2% risk of failure)
Confirm with . or Enter, or press ? or * to list all spells.
Aiming: Slow (safe; 2% risk of failure)
Press: ? - help, Shift-Dir - straight line, f/p - frilled lizard
Aim: a frilled lizard (heavily wounded, chance to affect: 67%)
The frilled lizard seems to slow down.
You shoot a sling bullet.
The sling bullet hits the frilled lizard.
You kill the frilled lizard!
You see here a frilled lizard corpse.
You start resting.
Magic restored.
Found 6 stones.
An iguana comes into view.
The iguana hisses angrily.
You shoot a sling bullet.
The sling bullet hits the iguana but does no damage.
Casting: Slow (safe; 2% risk of failure)
Confirm with . or Enter, or press ? or * to list all spells.
Aiming: Slow (safe; 2% risk of failure)
Press: ? - help, Shift-Dir - straight line, f/p - iguana
Aim: an iguana (chance to affect: 59%)
The iguana seems to slow down.
You shoot a sling bullet. The sling bullet hits the iguana.
The iguana is lightly wounded.
You shoot a sling bullet.
The sling bullet closely misses the iguana.
You shoot a sling bullet.
The sling bullet barely misses the iguana.
You shoot a sling bullet.
The sling bullet hits the iguana but does no damage.
The iguana is lightly wounded.
The iguana is no longer moving slowly.
You shoot a sling bullet. The sling bullet hits the iguana.
The iguana is lightly wounded.
The iguana attacks as you move away! The iguana bites you!
Casting: Slow (safe; 2% risk of failure)
Confirm with . or Enter, or press ? or * to list all spells.
Aiming: Slow (safe; 2% risk of failure)
Press: ? - help, Shift-Dir - straight line, f/p - iguana
Aim: an iguana (lightly wounded, chance to affect: 59%)
The iguana resists with significant effort.
The iguana bites you.
Casting: Slow (safe; 2% risk of failure)
Confirm with . or Enter, or press ? or * to list all spells.
Aiming: Slow (safe; 2% risk of failure)
Press: ? - help, Shift-Dir - straight line, f/p - iguana
Aim: an iguana (lightly wounded, chance to affect: 59%)
The iguana resists with significant effort.
The iguana barely misses you.
Casting: Slow (safe; 2% risk of failure)
Confirm with . or Enter, or press ? or * to list all spells.
Aiming: Slow (safe; 2% risk of failure)
Press: ? - help, Shift-Dir - straight line, f/p - iguana
Aim: an iguana (lightly wounded, chance to affect: 59%)
The iguana resists with significant effort.
The iguana hisses menacingly.
The iguana completely misses you.
Casting: Slow (safe; 2% risk of failure)
Confirm with . or Enter, or press ? or * to list all spells.
Aiming: Slow (safe; 2% risk of failure)
Press: ? - help, Shift-Dir - straight line, f/p - iguana
Aim: an iguana (lightly wounded, chance to affect: 59%)
The iguana seems to slow down.
The iguana bites you!
Ouch! That really hurt!
You die...

##########
...(.....#
########.# #.# ..
#.# #. #.# #..
######.# #..####
#..†@l.# ....<#
#.###### #. #.#.#
#.# #.# #..###.#
#..#.#.....#
#.#.##.#####
#......# #...##.#
####...##.#######


You could see an iguana (slow).

Vanquished Creatures
  A dart slug (D:1)
  A ball python (D:1)
  3 bats (D:1)
  3 endoplasms
  2 giant cockroaches (D:1)
  A goblin (D:1)
  2 hobgoblins (D:1)
  4 frilled lizards
  5 kobolds
22 creatures vanquished.

Notes
Turn   | Place    | Note
-------+----------+-------------------------------------------
     0 | D:1      | GloriousHammer the Deep Elf Hexslinger began the quest for
                  | the Orb.
     0 | D:1      | Reached XP level 1. HP: 11/11 MP: 5/5
   327 | D:1      | Reached XP level 2. HP: 16/16 MP: 7/7
  1014 | D:2      | Slain by an iguana

Illustrated notes

Levels and vault maps discovered:
D:1:      spicycebolla_green_bress_n_ham, layout_basic
D:2:      minmay_chambers_of_twos, layout_loops_ring, serial_rivers,
          chequers_serial_rivers_room_b, chequers_serial_rivers_marsh,
          chequers_serial_rivers_room_a, chequers_serial_rivers_small_b,
          chequers_serial_rivers_large_b, chequers_serial_rivers_micro_d,
          basic_altar, minmay_diced_spiral

Skill      XL: |  1 |
---------------+----+-----
Ranged Weapons | 3 |  3.4
Spellcasting   | 2 |  2.5
Fighting       | |  0.7
Dodging        | |  2.4
Hexes          | |  4.6

Action                     || total
---------------------------++-------
  Melee: Short sword       ||     4
         Punch             ||     1
   Fire: Sling             ||    71
   Cast: Slow              ||    19
 Armour: Robe              ||     6
  Dodge: Dodged            ||    28

Table legend: (Time is in decaauts)
 A = Elapsed time spent in this place.
 B = Non-inter-level travel time spent in this place.
 C = Inter-level travel time spent in this place.
 D = Time resting spent in this place.
 E = Time spent auto-exploring this place.
 F = Levels seen in this place.
 G = Mean time per level.
                   A        B        C        D        E       F      G
               +--------+--------+--------+--------+--------+-----+--------+
         Total |   1028 |    974 |     54 |    297 |    397 |   2 |  514.0 |
       Dungeon |   1028 |    974 |     54 |    297 |    397 |   2 |  514.0 |
               +--------+--------+--------+--------+--------+-----+--------+

Top non-repeatable levels by time:
     D:1: 849 daAuts
     D:2: 178 daAuts
